 Dungeon Crawl Stone Soup version 0.28-a0-511-gcc94558de3 (webtiles) character file.

Game seed: 10181075828776609

29 meatgazer the Skirmisher (level 3, 0/29 HPs)
             Began as a Demonspawn Monk on Sept 21, 2021.
             Was a Priest of Trog.
             Slain by an iguana (1 damage)
             ... on level 2 of the Dungeon.
             The game lasted 00:02:33 (1713 turns).

meatgazer the Skirmisher (Demonspawn Monk)          Turns: 1713, Time: 00:02:34

Health: 0/29       AC:  5    Str: 12    XL:     3   Next: 1%
Magic:  3/3        EV: 13    Int: 11    God:    Trog [***...]
Gold:   31         SH:  0    Dex: 15    Spells: 2/2 levels left

rFire   . . .      SeeInvis .   a - +0 falchion
rCold   . . .      Faith    .   (no shield)
rNeg    . . .      Spirit   .   b - +0 robe
rPois   .          Reflect  .   (no helmet)
rElec   .          Harm     .   (no cloak)
rCorr   .          Rampage  .   (no gloves)
Will    .....                   (no boots)
Stlth   ++........              (no amulet)
HPRegen 0.09/turn               (no ring)
MPRegen 0.08/turn               (no ring)

@: no status effects
A: yellow scales 2
a: Renounce Religion, Berserk, Trog's Hand


You were on level 2 of the Dungeon.
You worshipped Trog.
Trog was most pleased with you.
You visited 1 branch of the dungeon, and saw 2 of its levels.

You collected 31 gold pieces.

Inventory:

Hand Weapons
 a - a +0 falchion (weapon)
Armour
 b - a +0 robe (worn)
 e - a +0 cloak
Potions
 c - a potion of degeneration {unknown}
 d - a potion of flight {unknown}
 f - a potion of lignification {unknown}


   Skills:
 + Level 3.5 Fighting
 + Level 3.2 Long Blades
 - Level 2.9 Dodging
 - Level 1.7 Stealth


You had 2 spell levels left.
You didn't know any spells.
Your spell library was empty.

Dungeon Overview and Level Annotations

Branches:
Dungeon (2/15)

Altars:
Trog


Innate Abilities, Weirdness & Mutations

You are mostly covered in yellow scales. (AC +3)


Message History

You hit the dart slug but do no damage.
The dart slug is severely wounded.
The iguana bites you!
You are too injured to fight recklessly!
You are too injured to fight recklessly!
You are too injured to fight recklessly!
You are too injured to fight recklessly!
You are too injured to fight recklessly!
You are too injured to fight recklessly!
You hit the dart slug.
You kill the dart slug!
Trog accepts your kill.
The iguana bites you but does no damage.
You have reached level 3!
Your experience leads to an increase in your attributes!
Increase (S)trength, (I)ntelligence, or (D)exterity?
You feel stronger.
Your demonic ancestry asserts itself...
Yellow scales spread over more of your body.
You hit the iguana.
The iguana is lightly wounded.
The iguana completely misses you.
You hit the iguana.
The iguana is moderately wounded.
The iguana closely misses you.
You barely miss the iguana.
The iguana is moderately wounded.
The iguana closely misses you.
You barely miss the iguana.
The iguana is moderately wounded.
The iguana bites you but does no damage.
You closely miss the iguana.
The iguana is moderately wounded.
The iguana bites you!
* * * LOW HITPOINT WARNING * * *
The iguana bites you.
* * * LOW HITPOINT WARNING * * *
You hit the iguana.
The iguana is heavily wounded.
The iguana bites you.
You die...

#.#####.###.#### ####.#
#.# #..... ## #....#
#.#.....<. ##.# #.##.#
#.#.######
..#...##.##.#####.#. #
#......#.##.......# #
#.......)####..####
.........####..# ######
........l@.##..####.#.....
.#.....#.#.##.......#.####
##...##.#.##.#######.# ##
##.# #.#.##.#######.###.
#. #.#.##.#........... #.
#.#.##.#.#####.###.
#.#.##.# #.###. .. ....#
#.##.. ### #.##..


You could see an iguana.

Vanquished Creatures
  A dart slug (D:2)
  3 ball pythons
  3 endoplasms (D:1)
  4 goblins
  4 hobgoblins
  A frilled lizard (D:1)
  5 kobolds
  3 rats (D:1)
24 creatures vanquished.

Notes
Turn   | Place    | Note
-------+----------+-------------------------------------------
     0 | D:1      | meatgazer the Demonspawn Monk began the quest for the Orb.
     0 | D:1      | Reached XP level 1. HP: 18/18 MP: 1/1
   200 | D:1      | Found a faded altar of an unknown god.
   205 | D:1      | Became a worshipper of Trog the Wrathful
   205 | D:1      | Reached * piety under Trog
   205 | D:1      | Reached ** piety under Trog
   605 | D:1      | Gained mutation: You are partially covered in yellow
                  | scales. (AC +2) [demonic ancestry]
   605 | D:1      | Reached XP level 2. HP: 24/24 MP: 2/2
  1418 | D:1      | Reached *** piety under Trog
  1708 | D:2      | Gained mutation: You are mostly covered in yellow scales.
                  | (AC +3) [demonic ancestry]
  1708 | D:2      | Reached XP level 3. HP: 14/29 MP: 3/3
  1712 | D:2      | HP: 1/29 [iguana (4)]
  1713 | D:2      | Slain by an iguana

Illustrated notes

Levels and vault maps discovered:
D:1:      tarquinn_simple_flora_water_e, layout_loops_corners,
          shapermc_ecumenical_altar_hornbeckon, minmay_crystal_water
D:2:      layout_loops_ring

Skill      XL: |  1  2 |
---------------+-------+-----
Long Blades    | 3 |  3.2
Fighting       | |  3.5
Dodging        | |  2.9
Stealth        | |  1.7

Action                   || total
-------------------------++-------
Melee: Falchion          ||    66
  Use: Scroll            ||     2
 Stab: Sleeping          ||     4
Armor: Robe              ||    13
Dodge: Dodged            ||    30

Table legend: (Time is in decaauts)
 A = Elapsed time spent in this place.
 B = Non-inter-level travel time spent in this place.
 C = Inter-level travel time spent in this place.
 D = Time resting spent in this place.
 E = Time spent auto-exploring this place.
 F = Levels seen in this place.
 G = Mean time per level.
                   A        B        C        D        E       F      G
               +--------+--------+--------+--------+--------+-----+--------+
         Total |   1729 |   1708 |     21 |    200 |   1323 |   2 |  864.5 |
       Dungeon |   1729 |   1708 |     21 |    200 |   1323 |   2 |  864.5 |
               +--------+--------+--------+--------+--------+-----+--------+

Top non-repeatable levels by time:
     D:1: 1541 daAuts
     D:2: 187 daAuts
